 Dungeon Crawl Stone Soup version 0.28.0 (webtiles) character file.

Game seed: 9019177726096747321

64 shoop the Chucker (level 4, -3/42 HPs)
             Began as an Ogre Arcane Marksman on Feb 15, 2022.
             Slain by an adder (4 damage)
             ... on level 2 of the Dungeon.
             The game lasted 00:05:01 (2461 turns).

shoop the Chucker (Ogre Arcane Marksman)            Turns: 2461, Time: 00:05:02

Health: -3/42      AC:  4    Str: 16    XL:     4   Next: 12%
Magic:  5/5        EV: 10    Int: 14    God:
Gold:   41         SH:  0    Dex:  9    Spells: 1/5 levels left

rFire   . . .      SeeInvis .   k - +0 falchion
rCold   . . .      Faith    .   (no shield)
rNeg    . . .      Spirit   .   a - +0 robe
rPois   .          Reflect  .   (helmet restricted)
rElec   .          Harm     .   j - +0 cloak
rCorr   .          Rampage  .   (gloves unavailable)
Will    .....                   (boots unavailable)
Stlth   +.........              (no amulet)
HPRegen 0.14/turn               (no ring)
MPRegen 0.09/turn               (no ring)

@: lethally poisoned (-3 -> -9)
A: large, unfitting armour, tough skin 1
a: no special abilities


You were on level 2 of the Dungeon.
You visited 1 branch of the dungeon, and saw 2 of its levels.

You collected 41 gold pieces.

Inventory:

Hand Weapons
 f - a +0 short sword
 k - a +0 falchion (weapon)
Missiles
 b - 4 large rocks
 c - 2 throwing nets
 d - 3 javelins
 e - 78 stones (quivered)
Armour
 a - a +0 robe (worn)
 j - a +0 cloak (worn)
Scrolls
 l - a scroll of enchant armour {unknown}
Potions
 g - a potion of might {unknown}
 h - 2 potions of curing {unknown}
 i - 2 potions of brilliance {unknown}
 m - a potion of flight {unknown}


   Skills:
 - Level 2.0 Fighting
 + Level 3.7 Throwing
 - Level 2.0 Dodging
 - Level 1.0 Stealth
 - Level 1.2 Spellcasting
 - Level 2.6 Hexes


You had one spell level left.
You knew the following spells:

 Your Spells              Type           Power      Damage    Failure   Level
a - Slow                  Hex            32%        N/A       9%          1
c - Inner Flame           Hex/Fire       4%         N/A       41%         3

Your spell library contained the following spells:

 Spells                   Type           Power      Damage    Failure   Level
 Confusing Touch          Hex            8%         N/A       26%         3
 Portal Projectile        Hex/Tloc       8%         N/A       41%         3
 Cause Fear               Hex            4%         N/A       65%         4
 Yara's Violent Unravell  Hex/Tmut       2%         3d3       99%         5
 Enfeeble                 Hex            4%         N/A       100%        7


Dungeon Overview and Level Annotations

Branches:
Dungeon (2/15)

Altars:


Innate Abilities, Weirdness & Mutations

You are too large for most types of armour.
You have tough skin. (AC +1)


Message History

The dart slug is lightly wounded.
The dart slug bites you but does no damage.
You hit the dart slug.
The dart slug is severely wounded.
The dart slug launches a dart at you. The slug dart hits you.
* * * LOW HITPOINT WARNING * * *
You hit the dart slug but do no damage.
The dart slug is severely wounded.
The dart slug bites you but does no damage.
You hit the dart slug but do no damage.
The dart slug is severely wounded.
You hit the dart slug.
The dart slug is almost dead.
The dart slug completely misses you.
You hit the dart slug but do no damage.
The dart slug is almost dead.
The dart slug closely misses you.
You hit the dart slug.
You kill the dart slug!
The adder closely misses you.
You closely miss the adder. The adder bites you.
* * * LOW HITPOINT WARNING * * *
You are poisoned.
The adder poisons you! The adder bites you.
* * * LOW HITPOINT WARNING * * *
You closely miss the adder.
* * * LOW HITPOINT WARNING * * *
You feel sick. The adder completely misses you.
The adder bites you but does no damage.
You barely miss the adder.
You feel sick. The adder bites you.
* * * LOW HITPOINT WARNING * * *
You are lethally poisoned!
The adder poisons you!
You slash the adder!
The adder is almost dead.
* * * LOW HITPOINT WARNING * * *
You feel very sick. The adder bites you.
You die...

#h......$! #.#
#........ #.#
......# ##.# .....
#..## #..# ##....
#w.### ###..###
#Kg..######...##
#S##........###
#@###..#...## #.#
#.# #..###.######
#.#
##.###.............
#.#
#.......###.#######
#.# #.†.##### #.#
#.# #)#.# #.# #.#
##.#.# #.# #.#
##.#..# #.#
#.###.###.## #..


You could see an adder, a dart slug, a goblin and a kobold.

Vanquished Creatures
  2 adders (D:2)
  A worm (D:2)
  2 dart slugs
  3 ball pythons
  3 endoplasms
  2 giant cockroaches
  3 hobgoblins
  2 jackals (D:2)
  5 kobolds
  4 quokkas
  5 bats
  3 goblins
  2 rats (D:1)
37 creatures vanquished.

Notes
Turn   | Place    | Note
-------+----------+-------------------------------------------
     0 | D:1      | shoop the Ogre Arcane Marksman began the quest for the Orb.
     0 | D:1      | Reached XP level 1. HP: 19/19 MP: 2/2
   334 | D:1      | Reached skill level 1 in Stealth
   531 | D:1      | HP: 1/20 [kobold (3)]
   549 | D:1      | Reached XP level 2. HP: 3/28 MP: 1/3
  1597 | D:1      | Reached XP level 3. HP: 35/35 MP: 4/4
  1601 | D:1      | Learned a level 3 spell: Inner Flame
  2113 | D:2      | Reached skill level 3 in Throwing
  2449 | D:2      | Reached XP level 4. HP: 11/42 MP: 5/5
  2461 | D:2      | HP: 1/42 [poisoned by an adder]
  2461 | D:2      | Slain by an adder

Illustrated notes

Levels and vault maps discovered:
D:1:      heliophobic_arrival_enchanted_forest, layout_basic
D:2:      layout_loops_ring, minmay_randomly_rotated_circles

Skill      XL: |  1  2  3 |
---------------+----------+-----
Stealth        | 1 |  1.0
Fighting       | 2 |  2.0
Dodging        | 2 |  2.0
Throwing       | 3 |  3.7
Spellcasting   | |  1.2
Hexes          | |  2.6

Action                   |  1- 3 |  4- 6 || total
-------------------------+-------+-------++-------
Melee: Unarmed           |    62 |       ||    62
       Short sword       |    36 |       ||    36
       Falchion          |    55 |    13 ||    68
       Punch             |     1 |       ||     1
Throw: Large rock        |     3 |       ||     3
       Stone             |    79 |       ||    79
 Cast: Slow              |    10 |       ||    10
Armor: Robe              |    48 |     3 ||    51
Dodge: Dodged            |    83 |     5 ||    88
